 Dungeon Crawl Stone Soup version 0.30-a0-879-ga8ba668304 (webtiles) character file.

Game seed: 9727381792187308426

26220 FallingFreak the Protected (level 12, -8/113 HPs)
             Began as an Armataur Warper on Mar 12, 2023.
             Was a Priest of Elyvilon.
             Succumbed to Nessos's poison
             ... on level 3 of the Lair of Beasts on Mar 13, 2023.
             The game lasted 03:15:02 (29931 turns).

FallingFreak the Protected (Armataur Warper)       Turns: 29931, Time: 03:15:03

Health: -8/113     AC: 20    Str: 16    XL:     12   Next: 96%
Magic:  10/21      EV:  8    Int: 25    God:    Elyvilon [***...]
Gold:   946        SH:  0    Dex: 10    Spells: 13/24 levels left

rFire   + . .      SeeInvis +    b - +0 flail
rCold   . . .      Faith    .    (no shield)
rNeg    . . .      Spirit   .    P - +2 ring mail {rF+}
rPois   .          Reflect  .    c - +2 helmet {SInv}
rElec   .          Roll     +    K - +1 cloak
rCorr   .                        G - +2 pair of gloves
Will    .....                    (no barding) Stlth
                                 (no amulet)
HPRegen 0.38/turn                M - ring of wizardry
MPRegen 0.17/turn                q - +6 ring of intelligence

@: lethally poisoned (-8 -> -37)
A: large, rugged brown scales 3, deformed body, armoured tail, roll, long
tongue, awkward tongue
a: Renounce Religion, Purification, Heal Other, Heal Self


You were on level 3 of the Lair of Beasts.
You worshipped Elyvilon.
Elyvilon was most pleased with you.
You visited 3 branches of the dungeon, and saw 18 of its levels.
You also visited: Sewer.

You collected 977 gold pieces.
You spent 31 gold pieces at shops.

Inventory:

Hand Weapons
 a - a +0 whip of electrocution
 b - a +0 flail (weapon)
 C - a +0 battleaxe
Missiles
 k - 3 boomerangs of dispersal {!f}
 n - 13 boomerangs (quivered)
 r - 3 poisoned darts
 I - a throwing net {!f}
 T - 2 curare-tipped darts
Armour
 c - a +2 helmet of see invisible (worn)
 G - a +2 pair of gloves (worn)
 K - a +1 cloak (worn)
 P - a +2 ring mail of fire resistance (worn)
Magical Staves
 s - a staff of air {@w2!a}
Jewellery
 j - a ring of protection from cold
 l - a ring of resist corrosion
 m - a ring of fire
 q - a +6 ring of intelligence (right hand)
 w - a ring of protection from cold
 M - a ring of wizardry (left hand)
Wands
 i - a wand of digging (5)
 o - a wand of flame (6)
 u - a wand of roots (10)
 L - a wand of light (4)
 O - a wand of paralysis (11)
Scrolls
 f - 2 scrolls of blinking
 g - 7 scrolls of teleportation
 h - 5 scrolls of magic mapping
 t - 2 scrolls of amnesia
 v - a scroll of enchant armour
 y - a scroll of fog
 F - 3 scrolls of fear
 R - a scroll of vulnerability
Potions
 d - 2 potions of haste
 e - 5 potions of heal wounds
 p - 4 potions of flight {@q1}
 z - 4 potions of curing
 A - 4 potions of cancellation
 S - 5 potions of ambrosia
 W - a potion of invisibility
 Z - a potion of might


   Skills:
 + Level 9.9 Fighting
 + Level 9.9 Maces & Flails
 - Level 0.8 Throwing
 + Level 12.5 Armour
 - Level 1.3 Dodging
 - Level 6.6 Spellcasting
 - Level 8.1 Translocations
 + Level 7.2 Invocations


You had 13 spell levels left.
You knew the following spells:

 Your Spells              Type           Power      Damage    Failure   Level
c - Blink                 Tloc           98%        N/A       1%          2
j - Manifold Assault      Tloc           49%        N/A       1%          4
A - Teleport Other        Tloc           49%        N/A       1%          3
Z - Lesser Beckoning      Tloc           98%        N/A       1%          2

Your spell library contained the following spells:

 Spells                   Type           Power      Damage    Failure   Level
 Portal Projectile        Hex/Tloc       56%        N/A       2%          3
 Vhi's Electric Charge    Tloc/Air       56%        N/A       2%          3
 Summon Small Mammal      Summ           32%        N/A       4%          1
 Cigotuvi's Dreadful Rot  Necr/Pois/Air  16%        N/A       7%          2
 Ensorcelled Hibernation  Hex/Ice        16%        N/A       7%          2
 Poisonous Vapours        Pois/Air       16%        N/A       7%          2
 Call Canine Familiar     Summ           8%         N/A       14%         3
 Hailstorm                Conj/Ice       8%         3d4       14%         3
 Mephitic Cloud           Conj/Pois/Air  8%         N/A       14%         3
 Spider Form              Tmut/Pois      8%         N/A       14%         3
 Stone Arrow              Conj/Erth      16%        3d8       14%         3
 Summon Guardian Golem    Hex/Summ       8%         N/A       14%         3
 Tukima's Dance           Hex            8%         N/A       14%         3
 Anguish                  Hex/Necr       4%         N/A       41%         4
 Animate Armour           Summ/Erth      16%        N/A       41%         4
 Animate Dead             Necr           8%         N/A       41%         4
 Ice Form                 Ice/Tmut       8%         N/A       41%         4
 Olgreb's Toxic Radiance  Pois           8%         N/A       41%         4
 Blade Hands              Tmut           4%         N/A       75%         5
 Borgnjor's Vile Clutch   Necr/Erth      4%         N/A       75%         5
 Iskenderun's Battlesphe  Conj           8%         2d6       75%         5
 Death Channel            Necr           4%         N/A       99%         6
 Iron Shot                Conj/Erth      4%         9d2       99%         6
 Simulacrum               Ice/Necr       4%         N/A       99%         6
 Ozocubu's Refrigeration  Ice            4%         4d8       100%        7
 Spellforged Servitor     Conj/Summ      4%         N/A       100%        7
 Storm Form               Tmut/Air       4%         N/A       100%        7
 Ignition                 Fire           4%         3d4       100%        8
 Lehudib's Crystal Spear  Conj/Erth      4%         10d3      100%        8


Dungeon Overview and Level Annotations

Branches:
Dungeon (13/15) Zot: 26443  Temple (1/1) D:7 Zot: 5927    Lair (4/5) D:11 Zot: 16380
  Swamp (0/4) Lair:2       Spider (0/4) Lair:3          Orc (0/2) D:10
  Sewer (visited)
  Slime: Lair:4-5    Vaults: D:13-14

Altars:
Ashenzari
Cheibriados
Dithmenos
Elyvilon
Fedhas
Gozag
Hepliaklqana
Kikubaaqudgha
Makhleb
Nemelex Xobeh
Okawaru
Qazlal
Ru
Sif Muna
Trog
Uskayaw
Vehumet
Wu Jian
Xom
Yredelemnul
Zin
The Shining One

Shops:
D:1 *   D:3 (

Portals:
Gauntlet: Lair:4

Annotations:
D:3 1 runed translucent door, Crazy Yiuf, Sigmund
D:6 Menkaure
D:7 1 runed translucent door, Maggie; Maurice; bmack86's ghost, novice MiFi
D:11 Urug
Lair:1 1 runed translucent door@, relicbr's ghost, journeyman SpDe
Lair:3 Nessos
Lair:4 1 exclusion, Rupert; Snorg


Innate Abilities, Weirdness & Mutations

You are completely covered in rugged brown scales. (AC +3, +7% HP)
Armour fits poorly on your strangely shaped body.
You have a long armoured tail.
You roll when moving toward enemies. (Rampage)
Your long tongue fully drains potion bottles. (2x potion effects)
Your tongue gives you trouble enunciating. (1.5x scroll delay)


Message History

You feel very sick.
Nessos shoots an arrow.
The arrow hits you! The arrow burns you.
You are more poisoned.
Nessos shoots an arrow.
The arrow hits you!
* * * LOW HITPOINT WARNING * * *
The arrow burns you.
You are more poisoned.
* * * LOW HITPOINT WARNING * * *
Casting: Teleport Other (safe; 1% risk of failure)
Confirm with . or Enter, or press ? or * to list all spells.
Aiming: Teleport Other (safe; 1% risk of failure)
Press: ? - help, Shift-Dir - straight line, f/p - Nessos
Aim: Nessos, wielding a +1 longbow of flaming and wearing a +0 barding (fast, chance to affect: 80%) Nessos looks slightly unstable.
* * * LOW HITPOINT WARNING * * *
You feel extremely sick.
Nessos intently looks at you, slowly moving their tail.
Nessos casts a spell.
Nessos blinks!
Nessos casts a spell.
Nessos blinks!
Nessos shoots an arrow.
The arrow hits you!!
* * * LOW HITPOINT WARNING * * *
The arrow burns you.
You are more poisoned.
* * * LOW HITPOINT WARNING * * *
You feel purified!
Nessos shoots an arrow.
The arrow hits you!
* * * LOW HITPOINT WARNING * * *
The arrow burns you.
You are lethally poisoned!
* * * LOW HITPOINT WARNING * * *
Nessos shoots an arrow.
The arrow hits you! Elyvilon protects you from harm! The arrow burns you.
You are more poisoned.
* * * LOW HITPOINT WARNING * * *
Okay, then.
Blink to where?
Press: ? - help, Dir - move target, p - Nessos As you slowly read the scroll of blinking, it crumbles to dust.
You die...

#.#.P.......####..###..## #.# ####
#'###........#P##@##...## #####~~~
.....#.............##...### #..~~
.....#............##......#####..<~
....+......ยง###..P##...P......##..~
..###........##P.###..#~~~...##...~
.#.###.....>.###.P#..####~~~......~
........c............######~~..PP~~
.......................#####~~~~~~#
.........................# ####~~##
#.#.#P####P##..#..##.#.### #####
####### ###.########.## # ### ###


There were no monsters in sight!

Vanquished Creatures
  A centaur warrior (D:13)
  A two-headed ogre (D:10)
  3 death yaks
  A ghost crab (Lair:2)
  A skyshark (Lair:2)
  A manticore (D:12)
  A deep elf pyromancer (D:11)
  An ugly thing (D:12)
  4 elephants
  2 black mambas
  3 cane toads (Lair:2)
  3 rime drakes
  A kobold demonologist (D:11)
  An unseen horror (D:11)
  8 komodo dragons
  A queen bee (Lair:1)
  5 trolls
  3 blink frogs
  4 slime creatures
  A spectral black mamba (Lair:2)
  A wyvern (D:9)
  2 wraiths (D:11)
  2 basilisks
  A water elemental (D:12)
  A steam dragon (Lair:1)
  22 yaks
  2 vampire mosquitoes (D:12)
  2 redbacks (Lair:3)
  A spectral cane toad (Lair:2)
  An acid dragon (D:12)
  11 water moccasins
  An orc warrior (D:11)
  2 ice beasts
  2 sky beasts (D:7)
  5 black bears
  2 ogres
  A centaur (D:9)
  15 wolves
  A phantom (D:4)
  7 kobold brigands
  10 bullfrogs
  4 necrophages (Lair:2)
  3 gnoll sergeants
  3 scorpions
  7 killer bees (Lair:1)
  7 howler monkeys
  2 hounds
  A jelly (D:5)
  8 orc priests
  3 iguanas
  Natasha (thrice) (D:3 D:2)
  8 orc wizards
  15 gnolls
  5 adders
  2 shadow imps
  3 white imps
  2 worms
  3 dart slugs
  33 orcs
  6 bats
  5 endoplasms
  6 giant cockroaches
  3 goblins
  11 hobgoblins
  6 jackals
  5 ball pythons
  6 frilled lizards
  29 kobolds
  9 rats
336 creatures vanquished.

Vanquished Creatures (others)
  A yak (Lair:1)
  16 killer bees (Lair:1)
  2 orc wizards
  62 fungi
  50 plants
131 creatures vanquished.

Grand Total: 467 creatures vanquished

Notes
Turn   | Place    | Note
-------+----------+-------------------------------------------
     0 | D:1      | FallingFreak the Armataur Warper began the quest for the
                  | Orb.
     0 | D:1      | Reached XP level 1. HP: 18/18 MP: 3/3
    12 | D:1      | Found Riogitha's Assorted Antiques.
   181 | D:1      | Reached XP level 2. HP: 25/25 MP: 4/4
   529 | D:1      | Increase (s)trength, (i)ntelligence, or (d)exterity?
   529 | D:1      | Reached XP level 3. HP: 28/31 MP: 6/6
   928 | D:2      | Reached skill level 2 in Armour
  1406 | D:2      | Learned a level 2 spell: Blink
  1409 | D:2      | Learned a level 2 spell: Lesser Beckoning
  1526 | D:3      | Found a faded altar of an unknown god.
  1630 | D:3      | Noticed Natasha
  1639 | D:3      | Killed Natasha
  1640 | D:3      | Reached XP level 4. HP: 27/39 MP: 7/7
  1785 | D:3      | Found a glowing drain.
  1788 | D:3      | Noticed Sigmund
  1793 | D:3      | Noticed Natasha
  1882 | D:3      | Found a sacrificial altar of Ru.
  2010 | Sewer    | Entered a sewer
  2071 | Sewer    | Noticed a kobold brigand
  2125 | Sewer    | Noticed a kobold brigand
  2529 | Sewer    | Killed a kobold brigand
  2530 | Sewer    | Reached XP level 5. HP: 39/44 MP: 8/8
  2611 | Sewer    | Reached skill level 3 in Armour
  2632 | Sewer    | Learned a level 3 spell: Teleport Other
  2668 | Sewer    | Found a white marble altar of Elyvilon.
  2717 | D:3      | Killed Natasha
  2718 | D:3      | Reached XP level 6. HP: 42/54 MP: 10/10
  2756 | D:3      | Noticed Natasha
  2768 | D:2      | Killed Natasha
  2856 | D:3      | Found Ycker's Weapon Emporium.
  2860 | D:3      | Bought 2 curare-tipped darts for 31 gold pieces
  2925 | D:3      | Found a runed translucent door.
  2926 | D:3      | Noticed Crazy Yiuf
  3590 | D:4      | Found a snail-covered altar of Cheibriados.
  4027 | D:4      | Reached skill level 4 in Armour
  4534 | D:5      | Entered Level 5 of the Dungeon
  4623 | D:5      | Reached XP level 7. HP: 15/60 MP: 8/12
  5806 | D:5      | Reached skill level 5 in Armour
  5806 | D:5      | Reached skill level 5 in Translocations
  5806 | D:5      | Reached XP level 8. HP: 62/70 MP: 13/13
  6919 | D:6      | Found a shimmering blue altar of Sif Muna.
  7457 | D:7      | Found a runed translucent door.
  7460 | D:7      | Noticed bmack86's ghost (novice MiFi)
  8402 | D:7      | Found a burning altar of Makhleb.
  8422 | D:7      | Found a staircase to the Ecumenical Temple.
  8437 | Temple   | Entered the Ecumenical Temple
  8601 | D:7      | Reached skill level 6 in Armour
  8749 | D:7      | Noticed Menkaure
  9232 | D:7      | Noticed Maggie
  9427 | D:7      | Reached skill level 5 in Fighting
  9427 | D:7      | Reached skill level 5 in Maces & Flails
  9847 | D:8      | Increase (s)trength, (i)ntelligence, or (d)exterity?
  9847 | D:8      | Reached XP level 9. HP: 72/79 MP: 16/16
  9892 | D:8      | Noticed Maurice
 10546 | D:8      | Reached skill level 5 in Spellcasting
 10976 | D:8      | Reached skill level 7 in Armour
 11151 | D:8      | You miscast Teleport Other.
 12163 | D:8      | You miscast Teleport Other.
 12898 | D:8      | Reached XP level 10. HP: 83/88 MP: 6/18
 13062 | D:9      | Noticed a two-headed ogre
 13229 | D:9      | Reached skill level 8 in Armour
 13291 | D:9      | Found a sparkling altar of Nemelex Xobeh.
 13422 | D:9      | Found an ancient bone altar of Kikubaaqudgha.
 13573 | D:9      | Found a shadowy altar of Dithmenos.
 13579 | D:9      | Found a radiant altar of Vehumet.
 13584 | D:9      | Found a white marble altar of Elyvilon.
 13593 | D:9      | Became a worshipper of Elyvilon the Healer
 13621 | D:9      | Found a glowing silver altar of Zin.
 13850 | D:9      | Found a hide-covered altar of Uskayaw.
 13928 | D:9      | Noticed a two-headed ogre
 14270 | D:9      | Found a shimmering altar of Xom.
 14533 | D:9      | Learned a level 4 spell: Manifold Assault
 14534 | D:10     | Entered Level 10 of the Dungeon
 14761 | D:10     | Found a staircase to the Orcish Mines.
 14809 | D:10     | Noticed a two-headed ogre
 14844 | D:10     | Killed a two-headed ogre
 15004 | D:10     | Reached * piety under Elyvilon
 15553 | D:11     | Noticed a deep elf pyromancer
 15563 | D:11     | Killed a deep elf pyromancer
 15885 | D:11     | You miscast Manifold Assault.
 16389 | D:11     | Found a staircase to the Lair.
 16469 | D:11     | Reached skill level 9 in Armour
 17091 | D:11     | Noticed a two-headed ogre
 17102 | D:11     | Noticed Urug
 17410 | D:11     | Reached ** piety under Elyvilon
 17485 | D:11     | Noticed a skeletal warrior
 17928 | D:11     | Noticed a skeletal warrior
 17928 | D:11     | Noticed a skeletal warrior
 17929 | D:11     | Noticed a skeletal warrior
 18009 | D:10     | Reached XP level 11. HP: 65/98 MP: 20/20
 18927 | D:9      | Reached skill level 1 in Invocations
 19991 | D:12     | Noticed a purple ugly thing
 20007 | D:12     | Killed a purple ugly thing
 20902 | D:12     | Reached skill level 10 in Armour
 21587 | D:13     | Noticed a deep elf pyromancer
 21625 | D:13     | Reached *** piety under Elyvilon
 21639 | D:13     | Noticed a centaur warrior
 21660 | D:13     | Killed a centaur warrior
 21806 | D:13     | Noticed a skeletal warrior
 21966 | Lair:1   | Entered Level 1 of the Lair of Beasts
 23165 | Lair:1   | Reached XP level 12. HP: 88/110 MP: 21/21
 23182 | Lair:1   | Reached skill level 11 in Armour
 23491 | Lair:1   | Found a runed translucent door.
 23491 | Lair:1   | Noticed relicbr's ghost (journeyman SpDe)
 23636 | Lair:1   | Reached skill level 5 in Invocations
 25855 | Lair:2   | Noticed a death yak
 26194 | Lair:2   | Noticed a death yak
 26194 | Lair:2   | Noticed a death yak
 26411 | Lair:2   | Found a staircase to the Swamp.
 26411 | Lair:2   | Noticed a ghost crab
 26497 | Lair:2   | Killed a ghost crab
 26766 | Lair:2   | Noticed a death yak
 26909 | Lair:3   | You miscast Manifold Assault.
 27357 | Lair:3   | Reached skill level 12 in Armour
 27669 | Lair:3   | Noticed a death yak
 27737 | Lair:3   | Killed a death yak
 28156 | Lair:3   | Found a hole to the Spider Nest.
 28294 | Lair:3   | Noticed a death yak
 28317 | Lair:3   | Noticed a death yak
 28337 | Lair:2   | Killed a death yak
 28461 | Lair:2   | Killed a death yak
 29720 | Lair:4   | Noticed Snorg
 29845 | Lair:4   | Noticed Rupert
 29919 | Lair:4   | Noticed Nessos
 29919 | Lair:4   | Found a gate leading to a gauntlet.
 29930 | Lair:3   | HP: 4/113 [Nessos/arrow (11)]
 29930 | Lair:3   | Elyvilon protects you from harm!
 29931 | Lair:3   | Succumbed to Nessos's poison

Illustrated notes

Levels and vault maps discovered:
D:1:      lightli_arrival_lavapool, layout_rooms, serial_shops, shop_fountains
D:2:      layout_loops_cross
D:3:      layout_loops_ring, mainiacjoe_overflow_concentric_impassable,
          serial_shops, shop_statue, dreamdust_ecumenical_altar_statues,
          cheibrodos_sewer_entry_sluice, uniq_natasha, uniq_sigmund,
          uniq_crazy_yiuf_cottage
D:4:      layout_loops_ring, mainiacjoe_overflow_surrounded_room
D:5:      layout_loops_ring
D:6:      layout_cave_pools, lemuel_blue_sif_altar
D:7:      layout_basic, lemuel_tele_altar, minmay_temple_entry_antechambers,
          ebering_ghost_reflecting_pool, uniq_menkaure, uniq_maggie
D:8:      layout_loops_ring, uniq_maurice
D:9:      layout_basic, general_overflow_altar, nicolae_overflow_crystal_walls,
          lemuel_coloured_pillars_altar, minmay_overflow_temple_star_quad,
          mainiacjoe_overflow_alcove_4, kennysheep_mini_moat
D:10:     layout_loops_cross, orc_0_dummy
D:11:     layout_stronghold, due_lair_maze_entry_diamond, uniq_urug
D:12:     layout_irregular_city, minivault_14
D:13:     minmay_containers, layout_loops_ring, david_vaults_5
Temple:   eino_wide_crystal_templ
Lair:1:   layout_roguey [special_room_bee], hellmonk_ghost_happy_afterlife,
          chequers_serial_rivers_micro_b, chequers_serial_rivers_large_b
Lair:2:   layout_chaotic_city, nicolae_swamp_entry_spooky, roderic_carrion_pond,
          serial_bayou_shore_b
Lair:3:   layout_regular_city, spider_nest_entry_webs,
          cheibrodos_lair_caveside_slide
Lair:4:   layout_small_grid, gauntlet_entry_generic, serial_bayou_shore_b,
          grunt_megastairs_1, uniq_nessos, uniq_snorg, uniq_rupert

Skill      XL: |  1  2  3  4  5  6  7  8  9 10 11 12 |
---------------+-------------------------------------+-----
Fighting       | 2 3 4 5 6 7 8 9 |  9.9
Maces & Flails | 2 3 4 5 6 7 8 9 |  9.9
Spellcasting   | 2 3 4 5 6 |  6.6
Armour         | 2 3 4 5 6 7 9 10 12 | 12.5
Translocations | 4 5 6 7 8 |  8.1
Invocations    | 4 7 |  7.2
Throwing       | |  0.8
Dodging        | |  1.3

Action                     |  1- 3 |  4- 6 |  7- 9 | 10-12 || total
---------------------------+-------+-------+-------+-------++-------
  Melee: Mace              |    34 |       |       |       ||    34
         Tailslap          |    21 |    16 |    52 |   197 ||   286
         Short sword       |   128 |   189 |   370 |    61 ||   748
         Punch             |     2 |     2 |     7 |    16 ||    27
         Flail             |       |       |    92 |   271 ||   363
         Dagger            |       |       |     8 |    50 ||    58
         Unarmed           |       |       |     7 |       ||     7
         Whip              |       |       |       |   879 ||   879
  Throw: Dart              |     3 |    29 |   145 |   202 ||   379
         Stone             |       |     1 |       |       ||     1
         Boomerang         |       |     4 |     4 |    55 ||    63
   Cast: Blink             |       |     1 |     5 |    20 ||    26
         Lesser Beckoning  |       |     1 |     9 |    23 ||    33
         Teleport Other    |       |       |    24 |    33 ||    57
         Manifold Assault  |       |       |       |    62 ||    62
 Invoke: Purification      |       |       |       |    18 ||    18
         Heal Other        |       |       |       |    14 ||    14
  Evoke: Wand              |       |     3 |     4 |    18 ||    25
    Use: Scroll            |       |     6 |    13 |    14 ||    33
         Potion            |       |       |     2 |     2 ||     4
   Stab: Paralysed         |       |       |       |    19 ||    19
         Invisible         |       |       |       |     5 ||     5
 Armour: Leather armour    |    70 |    65 |    65 |       ||   200
         Ring mail         |       |       |    65 |   566 ||   631
         Scale mail        |       |       |   103 |   137 ||   240
         Skin              |       |       |     3 |       ||     3
  Dodge: Dodged            |    70 |    86 |   171 |   412 ||   739

Table legend: (Time is in decaauts)
 A = Elapsed time spent in this place.
 B = Non-inter-level travel time spent in this place.
 C = Inter-level travel time spent in this place.
 D = Time resting spent in this place.
 E = Time spent auto-exploring this place.
 F = Levels seen in this place.
 G = Mean time per level.
                   A        B        C        D        E       F      G
               +--------+--------+--------+--------+--------+-----+--------+
         Total |  29741 |  28262 |   1479 |  11348 |   9815 |  19 | 1565.3 |
       Dungeon |  21351 |  20252 |   1099 |   8085 |   6942 |  13 | 1642.4 |
        Temple |     72 |     51 |     21 |      0 |     44 |   1 |   72.0 |
          Lair |   7619 |   7260 |    359 |   2942 |   2721 |   4 | 1904.8 |
         Sewer |    698 |    698 |      0 |    320 |    108 |   1 |  698.0 |
               +--------+--------+--------+--------+--------+-----+--------+

Top non-repeatable levels by time:
     D:8: 3358 daAuts
    D:11: 3327 daAuts
  Lair:2: 3098 daAuts
  Lair:1: 2428 daAuts
    D:12: 2085 daAuts
  Lair:3: 1885 daAuts
     D:4: 1885 daAuts
     D:6: 1695 daAuts
    D:10: 1650 daAuts
     D:9: 1567 daAuts
     D:5: 1515 daAuts
     D:7: 1464 daAuts
     D:2: 981 daAuts
     D:3: 905 daAuts
   Sewer: 698 daAuts
